 Dungeon Crawl Stone Soup version 0.31-a0-831-g143b1e81fc (webtiles) character file.

Game seed: 8615210496816257066

963 Dirtsage the Ruffian (level 7, -1/54 HPs)
             Began as a Demonspawn Fighter on Sept 24, 2023.
             Slain by a wyvern (11 damage)
             ... on level 4 of the Dungeon.
             The game lasted 00:04:35 (3772 turns).

Dirtsage the Ruffian (Demonspawn Fighter)           Turns: 3772, Time: 00:04:36

Health: -1/54      AC:  7    Str: 18    XL:     7   Next: 92%
Magic:  7/7        EV: 10    Int:  9    God:
Gold:   222        SH:  4    Dex: 13    Spells: 6/6 levels left

rFire   . .          .
                       - Unarmed
rCold   + . .        c - +0 buckler
rNeg    . . .        s - +2 leather armour {rC+}
rPois   .            m - +0 helmet
rElec   .            h - +0 cloak
rCorr   .            (gloves unavailable)
SInv    .            (no boots)
Will    .....        (no amulet)
Stlth   +            u - ring of flight
HPRegen 0.29/turn    (no ring)
MPRegen 0.10/turn

%: no passive effects
@: flying
A: claws 3
a: no special abilities


You were on level 4 of the Dungeon.
You visited 1 branch of the dungeon, and saw 4 of its levels.

You collected 222 gold pieces.

Inventory:

Hand Weapons
 a - a +0 war axe
Armour
 b - a +0 scale mail
 c - a +0 buckler (worn)
 h - a +0 cloak (worn)
 m - a +0 helmet (worn)
 s - a +2 leather armour of cold resistance (worn)
Magical Staves
 f - a staff of cold
 r - a staff of earth
 y - a staff of death
Jewellery
 u - a ring of flight (left claw)
Wands
 d - a wand of iceblast (10)
 w - a wand of paralysis (4)
Scrolls
 e - 3 scrolls of vulnerability {unknown}
 i - 2 scrolls of enchant weapon {unknown}
 j - 2 scrolls of blinking {unknown}
 k - a scroll of summoning {unknown}
 o - 2 scrolls of fog {unknown}
 t - a scroll of silence {unknown}
 v - a scroll of noise {unknown}
 x - a scroll of fear {unknown}
 z - a scroll of enchant armour {unknown}
 A - a scroll of identify {unknown}
Potions
 g - a potion of curing {unknown}
 l - 3 potions of heal wounds
 n - 2 potions of degeneration {unknown}
 p - a potion of attraction {unknown}
 q - a potion of lignification {unknown}


   Skills:
 + Level 4.1 Fighting
 - Level 5.2 Axes
 - Level 2.6 Armour
 - Level 2.6 Shields
 * Level 5.9 Unarmed Combat


You had 6 spell levels left.
You didn't know any spells.
Your spell library was empty.

Dungeon Overview and Level Annotations

Branches:
Dungeon (4/15)
 Temple: D:4-7

Altars:


Innate Abilities, Weirdness & Mutations

You have claws for hands.


Message History

Aiming: Paralyse
Press: ? - help, Shift-Dir - straight line, f/p - wyvern
Aim: a wyvern (chance to affect: 49%)
The wyvern resists with some effort.
You block the wyvern's attack. The wyvern bites you!
You take 13 damage, and have 41/54 hp.
MASSIVE DAMAGE!!
Aiming: Paralyse
Press: ? - help, Shift-Dir - straight line, f/p - wyvern
Aim: a wyvern (chance to affect: 49%)
The wyvern resists with some effort.
The wyvern misses you.
Aiming: Paralyse
Press: ? - help, Shift-Dir - straight line, f/p - wyvern
Aim: a wyvern (chance to affect: 49%)
The wyvern resists with some effort.
The wyvern bites you. x2
You take 6 damage, and have 36/54 hp.
You claw the wyvern!
The wyvern is moderately wounded.
The wyvern bites you!
You take 9 damage, and have 27/54 hp.
You scratch the wyvern but do no damage.
The wyvern is moderately wounded.
The wyvern bites you!
* * * LOW HITPOINT WARNING * * *
You take 15 damage, and have 12/54 hp.
MASSIVE DAMAGE!!
You scratch the wyvern.
The wyvern is heavily wounded.
The wyvern bites you.
* * * LOW HITPOINT WARNING * * *
The wyvern bites you but does no damage.
You barely miss the wyvern.
The wyvern is heavily wounded.
The wyvern barely misses you.
You barely miss the wyvern.
The wyvern is heavily wounded.
The wyvern bites you.
* * * LOW HITPOINT WARNING * * *
The wyvern bites you!
You die...

♣.♣♣## ##.....
♣.♣♣ #.....
♣P.♣ ##....
♣P.♣ #....
♣♣.P♣ ##...
♣..♣♣ ##.. ♣.♣♣
### ♣..♣ # ♣♣@♣
#.......l.....#
##..........###
###.....####
#######


You could see a wyvern.

Vanquished Creatures
  Grinder (D:3)
  Sigmund (D:3)
  Eustachio (D:4)
  A water moccasin (D:4)
  An ogre (D:4)
  A howler monkey (D:4)
  A hound (D:4)
  Ijyb (D:3)
  Natasha (D:3)
  An iguana (D:4)
  An orc wizard (D:3)
  Robin (D:4)
  3 gnolls (D:4)
  3 adders
  6 orcs
  2 ball pythons
  4 endoplasms
  A giant cockroach (D:3)
  14 goblins
  3 hobgoblins
  7 kobolds
  2 bats
  3 frilled lizards
60 creatures vanquished.

Notes
Turn   | Place    | Note
-------+----------+-------------------------------------------
     0 | D:1      | Dirtsage the Demonspawn Fighter began the quest for the
                  | Orb.
     0 | D:1      | Reached XP level 1. HP: 18/18 MP: 1/1
   787 | D:2      | Gained mutation: You have sharp fingernails. [demonic
                  | ancestry]
   787 | D:2      | Reached XP level 2. HP: 6/24 MP: 2/2
  1591 | D:3      | Reached XP level 3. HP: 22/29 MP: 3/3
  1732 | D:3      | Noticed Sigmund
  1744 | D:3      | Killed Sigmund
  1745 | D:3      | Reached skill level 5 in Axes
  1745 | D:3      | Gained mutation: You have very sharp fingernails. [demonic
                  | ancestry]
  1745 | D:3      | Reached XP level 4. HP: 27/35 MP: 4/4
  1745 | D:3      | Reached XP level 5. HP: 31/41 MP: 5/5
  1851 | D:3      | Reached skill level 1 in Unarmed Combat
  2069 | D:3      | Noticed Natasha
  2075 | D:3      | Killed Natasha
  2187 | D:3      | Noticed Grinder
  2193 | D:3      | Paralysed by Grinder for 2 turns
  2204 | D:3      | Killed Grinder
  2205 | D:3      | Reached XP level 6. HP: 23/47 MP: 6/6
  2363 | D:3      | Noticed Ijyb
  2380 | D:3      | Killed Ijyb
  2767 | D:4      | Gained mutation: You have claws for hands. [demonic
                  | ancestry]
  2767 | D:4      | Reached XP level 7. HP: 52/52 MP: 7/7
  2941 | D:4      | Reached skill level 5 in Unarmed Combat
  3138 | D:4      | Noticed Robin
  3179 | D:4      | Killed Robin
  3661 | D:4      | Noticed Eustachio
  3673 | D:4      | Killed Eustachio
  3763 | D:4      | Noticed a wyvern
  3772 | D:4      | Slain by a wyvern

Illustrated notes

Levels and vault maps discovered:
D:1:      kennysheep_arrival_seaside, layout_basic
D:2:      layout_loops_ring, minmay_misc_feat_hallway
D:3:      layout_loops_corners, st_stairs_10, minivault_27, uniq_natasha,
          uniq_grinder, uniq_sigmund, uniq_ijyb
D:4:      layout_cave_pods, serial_forest, infiniplex_forest_end_1,
          infiniplex_forest_corner_1, infiniplex_forest_clump_medium,
          infiniplex_forest_lined_corner, infiniplex_forest_clump_large,
          infiniplex_forest_clump_large, infiniplex_forest_zigzag_1,
          minmay_starry_boxes, uniq_eustachio, uniq_robin

Skill      XL: |  1  2  3  4  5  6  7 |
---------------+----------------------+-----
Axes           | 2 3 5 |  5.2
Unarmed Combat | 3 4 5 |  5.9
Fighting       | 4 |  4.1
Armour         | |  2.6
Shields        | |  2.6

Action                     |  1- 3 |  4- 6 |  7- 9 || total
---------------------------+-------+-------+-------++-------
  Melee: War axe           |    65 |    41 |       ||   106
         Unarmed           |       |     5 |   109 ||   114
  Evoke: Wand              |       |       |     5 ||     5
    Use: Potion            |     1 |     1 |     1 ||     3
   Stab: Paralysed         |       |       |     8 ||     8
 Armour: Scale mail        |    40 |    27 |       ||    67
         Leather armour    |       |     1 |    72 ||    73
  Dodge: Dodged            |    20 |    15 |    47 ||    82
  Block: Buckler           |    12 |     8 |    17 ||    37

Table legend: (Time is in decaauts)
 A = Elapsed time spent in this place.
 B = Non-inter-level travel time spent in this place.
 C = Inter-level travel time spent in this place.
 D = Time resting spent in this place.
 E = Time spent auto-exploring this place.
 F = Levels seen in this place.
 G = Mean time per level.
                   A        B        C        D        E       F      G
               +--------+--------+--------+--------+--------+-----+--------+
         Total |   3806 |   3703 |    103 |      0 |   3198 |   4 |  951.5 |
       Dungeon |   3806 |   3703 |    103 |      0 |   3198 |   4 |  951.5 |
               +--------+--------+--------+--------+--------+-----+--------+

Top non-repeatable levels by time:
     D:3: 1255 daAuts
     D:4: 1080 daAuts
     D:1: 736 daAuts
     D:2: 734 daAuts
